 Dungeon Crawl Stone Soup version 0.28-a0-804-g60983d4ba9 (webtiles) character file.

Game seed: 8783641703340951753

266 vurker the Gusty (level 6, 0/27 HPs)
             Began as a Felid Air Elementalist on Nov 7, 2021.
             Was an Initiate of Vehumet.
             Succumbed to a killer bee's poison
             ... on level 4 of the Dungeon.
             The game lasted 00:04:32 (5178 turns).

vurker the Gusty (Felid Air Elementalist)           Turns: 5178, Time: 00:04:32

Health: 0/27       AC:  2    Str:  4    XL:     6   Next: 0%
Magic:  0/13       EV: 17    Int: 18    God:    Vehumet [......]
Gold:   72         SH:  0    Dex: 17    Spells: 12/13 levels left
                                        Lives:  0   Deaths: 1

rFire   . . .      SeeInvis +   (weapon unavailable)
rCold   . . .      Faith    .   (shield unavailable)
rNeg    . . .      Spirit   .   (armour unavailable)
rPois   .          Reflect  .   (helmet unavailable)
rElec   .          Harm     .   (cloak unavailable)
rCorr   .          Rampage  .   (gloves unavailable)
Will    .....                   (boots unavailable)
Stlth   ++........              (no amulet)
HPRegen 0.09/turn               (no ring)
MPRegen 0.13/turn               (no ring)

@: lethally poisoned (0 -> -10), quick
A: very small, claws 1, fangs 3, see invisible, speed 1, shaggy fur 2, stealthy
paws, no weapons or thrown items, no armour, multi-lived
a: Renounce Religion


You were on level 4 of the Dungeon.
You worshipped Vehumet.
Vehumet was noncommittal.
You visited 2 branches of the dungeon, and saw 5 of its levels.

You collected 72 gold pieces.

Inventory:

Scrolls
 a - a scroll of fog {unknown}
 b - 4 scrolls of identify
 c - a scroll of summoning {unknown}
 d - 2 scrolls of magic mapping {unknown}
Potions
 e - 2 potions of curing


   Skills:
 + Level 2.3 Fighting
 - Level 2.6 Dodging
 - Level 2.6 Stealth
 * Level 4.1 Spellcasting
 + Level 2.6 Conjurations
 * Level 4.5 Air Magic


You had 12 spell levels left.
You knew the following spells:

 Your Spells              Type           Power      Damage    Failure   Level
a - Shock                 Conj/Air       64%        1d7       3%          1

Your spell library contained the following spells:

 Spells                   Type           Power      Damage    Failure   Level
 Static Discharge         Conj/Air       16%        N/A       4%          2
 Swiftness                Air            19%        N/A       7%          3
 Animate Skeleton         Necr           6%         N/A       14%         1
 Pain                     Necr           12%        1d4       14%         1
 Mephitic Cloud           Conj/Pois/Air  12%        N/A       17%         3
 Ensorcelled Hibernation  Hex/Ice        6%         N/A       22%         2
 Airstrike                Air            9%         N/A       22%         4
 Ignite Poison            Fire/Tmut/Pois 3%         N/A       41%         3
 Spider Form              Tmut/Pois      3%         N/A       41%         3
 Tukima's Dance           Hex            3%         N/A       41%         3
 Vampiric Draining        Necr           3%         2d6       41%         3
 Freezing Cloud           Conj/Ice/Air   6%         6-21      83%         5


Dungeon Overview and Level Annotations

Branches:
Dungeon (4/15)             Temple (1/1) D:4

Altars:
Ashenzari
Cheibriados
Dithmenos
Elyvilon
Fedhas
Gozag
Hepliaklqana
Kikubaaqudgha
Makhleb
Nemelex Xobeh
Okawaru
Qazlal
Ru
Sif Muna
Trog
Uskayaw
Vehumet
Wu Jian
Xom
Yredelemnul
The Shining One

Shops:
D:4 **


Innate Abilities, Weirdness & Mutations

You have sharp claws.
You have razor-sharp teeth.
You have supernaturally acute eyesight. (SInv)
You cover ground quickly. (Speed+)
You are covered in thick fur. (AC +2)
Your paws help you pounce on unaware monsters.
You are incapable of wielding weapons or throwing items.
You cannot wear armour.
You gain extra lives every three experience levels.


Message History

Aim: a killer bee (43% to hit)
The zap hits the killer bee!
Aim: a killer bee (moderately wounded, 43% to hit)
The zap hits the killer bee.
The killer bee closely misses you.
Aim: a killer bee (severely wounded, 43% to hit)
The zap misses the killer bee.
The killer bee closely misses you. x2
Aim: a killer bee (severely wounded, 43% to hit)
The zap misses the killer bee.
The killer bee misses you. The killer bee stings you!
Aim: a killer bee (severely wounded, 43% to hit)
The zap hits the killer bee.
The killer bee stings you.
* * * LOW HITPOINT WARNING * * *
The killer bee completely misses you.
Aim: a killer bee (almost dead, 43% to hit)
The zap misses the killer bee.
The killer bee stings you.
* * * LOW HITPOINT WARNING * * *
The killer bee barely misses you.
Aim: a killer bee (almost dead, 43% to hit)
The zap misses the killer bee.
The killer bee misses you. The killer bee barely misses you.
You don't have enough magic to cast this spell.
Unknown command.
You don't have enough magic to cast this spell.
Unknown command.
You don't have enough magic to cast this spell.
You are too injured to fight recklessly!
You are too injured to fight recklessly!
You are too injured to fight recklessly!
You miss the killer bee. Your bite misses the killer bee.
The killer bee misses you. The killer bee stings you.
* * * LOW HITPOINT WARNING * * *
Aim: a killer bee (almost dead, 43% to hit)
The zap hits the killer bee.
You kill the killer bee!
Vehumet accepts your kill.
Welcome back to level 6!
A killer bee is nearby!
Aim: a killer bee (wandering, hasn't noticed you, 43% to hit)
The zap misses the killer bee.
The killer bee buzzes angrily.
Aim: a killer bee (43% to hit)
The zap misses the killer bee.
Aim: a killer bee (43% to hit)
The zap hits the killer bee.
The killer bee stings you.
* * * LOW HITPOINT WARNING * * *
You are lethally poisoned!
The killer bee poisons you! The killer bee closely misses you.
You scratch the killer bee but do no damage.
Your bite misses the killer bee.
You die...

#.###.......##....≈≈###...
..# #.......#..#..#≈[≈####
.....#..>.#....###.##.≈≈≈≈≈
... ...........(.......#..≈
...# ...............###...
# #...#............... #..
.#..#...............
.....#....###...........
......y@####.....[...##.
#.(.....†# ##......#....
#.....#.... .......#....
...#..#...... .....#.... ..
##.......... ...... . .
.##...... ...... . # ..#...
..... ..#..† ...#. . #.


You could see a killer bee.

Vanquished Creatures
  A scorpion (D:4)
  A wyvern skeleton (D:4)
  2 killer bees
  A hound (D:3)
  2 orc wizards
  6 adders
  An adder skeleton (D:4)
  A worm (D:2)
  5 dart slugs
  8 orcs
  A bat (D:2)
  10 endoplasms
  3 giant cockroaches (D:4)
  A goblin (D:1)
  A hobgoblin (D:1)
  4 jackals (D:1)
  8 kobolds
  4 quokkas
  3 ball pythons
  2 frilled lizards (D:1)
  4 rats
69 creatures vanquished.

Vanquished Creatures (others)
  4 withered plants (D:1)
4 creatures vanquished.

Grand Total: 73 creatures vanquished

Notes
Turn   | Place    | Note
-------+----------+-------------------------------------------
     0 | D:1      | vurker the Felid Air Elementalist began the quest for the
                  | Orb.
     0 | D:1      | Reached XP level 1. HP: 7/7 MP: 4/4
   130 | D:1      | Reached skill level 1 in Conjurations
   268 | D:1      | Reached XP level 2. HP: 12/12 MP: 1/6
   803 | D:1      | Found a faded altar of an unknown god.
  1484 | D:2      | Reached XP level 3. HP: 15/15 MP: 2/7
  2296 | D:2      | Reached skill level 1 in Fighting
  2417 | D:3      | Reached XP level 4. HP: 16/19 MP: 1/9
  3417 | D:3      | Reached XP level 5. HP: 22/22 MP: 5/10
  4144 | D:4      | Found a staircase to the Ecumenical Temple.
  4155 | Temple   | Entered the Ecumenical Temple
  4183 | Temple   | Became a worshipper of Vehumet
  4700 | D:4      | Gained mutation: You are covered in thick fur. (AC +2)
                  | [Felid growth]
  4700 | D:4      | Reached XP level 6. HP: 26/26 MP: 6/12
  4806 | D:4      | Found Umuwyveu's General Store.
  4806 | D:4      | Found Tisuoh's Specific Store.
  5073 | D:4      | Slain by a killer bee
  5074 | D:4      | Reached XP level 5. HP: -1/22 MP: 8/11
  5154 | D:4      | Reached XP level 6. HP: 7/27 MP: 0/13
  5178 | D:4      | Succumbed to a killer bee's poison

Illustrated notes

Levels and vault maps discovered:
D:1:      dpeg_arrival_boxorama, layout_basic,
          ebering_ecumenical_altar_petrified, minmay_misc_feat_iff
D:2:      layout_loops_cross, chequers_serial_rivers_micro_b
D:3:      layout_basic, serial_rivers, chequers_serial_rivers_room_b,
          chequers_serial_rivers_micro_e, chequers_serial_rivers_small_a,
          chequers_serial_rivers_micro_c, chequers_serial_rivers_large_b,
          chequers_serial_rivers_micro_c
D:4:      layout_cave_pools, minmay_temple_entry_large_hall,
          nicolae_specific_store, minmay_manual_mullet
Temple:   nicolae_temple_the_god_donut

Skill      XL: |  1  2  3  4  5 |
---------------+----------------+-----
Conjurations   | 1 2 |  2.6
Air Magic      | 3 4 |  4.5
Fighting       | 1 2 |  2.3
Spellcasting   | 3 4 |  4.1
Dodging        | |  2.6
Stealth        | |  2.6

Action                   |  1- 3 |  4- 6 || total
-------------------------+-------+-------++-------
Melee: Unarmed           |    17 |     3 ||    20
 Cast: Shock             |    93 |   138 ||   231
  Use: Scroll            |       |     2 ||     2
       Potion            |       |     1 ||     1
Armor: Skin              |       |     1 ||     1
Dodge: Dodged            |    25 |    47 ||    72

Table legend: (Time is in decaauts)
 A = Elapsed time spent in this place.
 B = Non-inter-level travel time spent in this place.
 C = Inter-level travel time spent in this place.
 D = Time resting spent in this place.
 E = Time spent auto-exploring this place.
 F = Levels seen in this place.
 G = Mean time per level.
                   A        B        C        D        E       F      G
               +--------+--------+--------+--------+--------+-----+--------+
         Total |   4723 |   4541 |    182 |    290 |   3738 |   5 |  944.6 |
       Dungeon |   4515 |   4346 |    169 |    290 |   3561 |   4 | 1128.8 |
        Temple |    207 |    195 |     12 |      0 |    176 |   1 |  207.0 |
               +--------+--------+--------+--------+--------+-----+--------+

Top non-repeatable levels by time:
     D:3: 1551 daAuts
     D:1: 1236 daAuts
     D:2: 910 daAuts
     D:4: 817 daAuts
  Temple: 207 daAuts
